 Dungeon Crawl Stone Soup version 0.28-a0-529-g3bad584f25 (webtiles) character file.

Game seed: 4907052856370894025

452 Shayle the Skirmisher (level 7, -7/78 HPs)
             Began as an Ogre Warper on Sept 25, 2021.
             Mangled by a gnoll (9 damage)
             ... on level 5 of the Dungeon.
             The game lasted 00:09:08 (3053 turns).

Shayle the Skirmisher (Ogre Warper)                 Turns: 3053, Time: 00:09:09

Health: -7/78      AC:  7    Str: 16    XL:     7   Next: 4%
Magic:  10/10      EV:  9    Int: 16    God:
Gold:   95         SH:  0    Dex:  8    Spells: 2/10 levels left

rFire   + + .      SeeInvis .   j - +1 hand axe (vamp)
rCold   + . .      Faith    .   (no shield)
rNeg    . . .      Spirit   .   b - +0 robe
rPois   +          Reflect  .   (helmet restricted)
rElec   +          Harm     .   (no cloak)
rCorr   +          Rampage  .   (gloves unavailable)
Will    .....      Rage     1%  (boots unavailable)
Stlth   +.........              (no amulet)
HPRegen 0.23/turn               k - +4 ring of protection
MPRegen 0.12/turn               (no ring)

@: resistant, on berserk cooldown, slowed, very slow
A: large, unfitting armour, tough skin 1, berserk 1, fire resistance 1, noise
suppression
a: no special abilities


You were on level 5 of the Dungeon.
You visited 1 branch of the dungeon, and saw 5 of its levels.

You collected 95 gold pieces.

Inventory:

Hand Weapons
 a - a +0 hand axe
 e - a +0 hunting sling
 j - a +1 vampiric hand axe (weapon)
 v - a +0 giant spiked club
Missiles
 d - 2 boomerangs of dispersal (quivered)
 f - 30 sling bullets
 g - 42 poisoned darts
Armour
 b - a +0 robe (worn)
Jewellery
 k - a +4 ring of protection (left hand)
 o - a ring of positive energy
 q - a ring of protection from fire
Scrolls
 h - a scroll of fear {unknown}
 l - a scroll of noise
 p - a scroll of immolation {unknown}
 r - a scroll of acquirement {unknown}
 s - a scroll of torment {unknown}
 u - a scroll of enchant weapon {unknown}
 x - a scroll of holy word {unknown}
 y - a scroll of vulnerability {unknown}
Potions
 i - a potion of flight {unknown}
 n - a potion of resistance


   Skills:
 + Level 7.0 Fighting
 + Level 5.3 Axes
 - Level 1.0 Throwing
 - Level 2.1 Dodging
 - Level 2.4 Spellcasting
 - Level 2.6 Translocations


You had 2 spell levels left.
You knew the following spells:

 Your Spells              Type           Power      Damage    Failure   Level
a - Blink                 Tloc           N/A        N/A       10%         2
b - Teleport Other        Tloc           10%        N/A       21%         3
c - Gell's Gravitas       Tloc           5%         N/A       21%         3

Your spell library contained the following spells:

 Spells                   Type           Power      Damage    Failure   Level
 Pain                     Necr           4%         1d4       21%         1
 Lesser Beckoning         Tloc           10%        N/A       21%         3
 Manifold Assault         Tloc           10%        N/A       88%         5
 Agony                    Necr           1%         N/A       99%         5
 Excruciating Wounds      Necr           0%         N/A       99%         5


Dungeon Overview and Level Annotations

Branches:
Dungeon (5/15)
 Temple: D:4-7

Altars:
Cheibriados

Annotations:
D:3 Grinder


Innate Abilities, Weirdness & Mutations

You are too large for most types of armour.
You have tough skin. (AC +1)
You tend to lose your temper in combat.
Your flesh is heat resistant. (rF+)
You passively dampen the noise of your surroundings.


Message History

Press: ? - help, Q - select action, (/) - cycle Shift-Dir - straight line, f - gnoll
Aim: a gnoll, wielding a +0 club (61% to hit)
You throw a boomerang of dispersal.
The boomerang of dispersal closely misses the gnoll.
Throw: 3 boomerangs (disperse)
Press: ? - help, Q - select action, (/) - cycle Shift-Dir - straight line, f/p - gnoll
Aim: a gnoll, wielding a +0 club (61% to hit)
You throw a boomerang of dispersal.
The boomerang of dispersal hits the gnoll but does no damage.
The gnoll hits you but does no damage.
Casting: Blink (safe; 10% risk of failure)
Confirm with . or Enter, or press ? or * to list all spells.
You blink.
It was a potion of ambrosia.
You are confused.
You feel invigorated. The gnoll completely misses you.
You're too confused to move!
The gnoll hits you but does no damage.
The gnoll hits you from afar with a +0 halberd!
* * * LOW HITPOINT WARNING * * *
The gnoll closely misses you.
The gnoll hits you from afar with a +0 halberd.
The gnoll hits you with a +0 club.
You miss the gnoll. The gnoll barely misses you.
The gnoll hits you but does no damage. x2
The gnoll hits you from afar with a +0 halberd!
The gnoll barely misses you. x2
You feel less invigorated.
You feel less confused. The gnoll hits you with a +0 club.
The gnoll hits you with a +0 halberd!
* * * LOW HITPOINT WARNING * * *
You barely miss the gnoll. You completely miss the gnoll.
The gnoll closely misses you. The gnoll hits you with a +0 halberd!
* * * LOW HITPOINT WARNING * * *
The gnoll closely misses you. The gnoll hits you with a +0 halberd.
* * * LOW HITPOINT WARNING * * *
It was a potion of magic.
Magic courses through your body. The gnoll hits you with a +0 club.
* * * LOW HITPOINT WARNING * * *
The gnoll hits you with a +0 halberd!
You die...

###### #....# +....+ #....#
#....# . ##....# .. #.g...#
.#### ..# # #.@..## ...8 #
...# #g...# ... #
###.#####.#########..# . #
#...).........#...#..## # #
#.#.#####.###.#...#...#####
##+## #)#.#
#.....'............ ....#
#g#.# #..##.#.....#..## #
....###g#.#
#..##.####..##.# #
.......g..#####..##.#
#..##.# #


You could see 2 gnolls.

Vanquished Creatures
  A necrophage (D:3)
  An ogre (D:4)
  A phantom (D:4)
  A bullfrog zombie (D:5)
  A jelly (D:4)
  6 gnolls
  3 adders
  3 worms
  3 dart slugs
  An orc (D:4)
  A bat (D:3)
  3 endoplasms
  4 giant cockroaches
  4 goblins
  2 hobgoblins (D:1)
  2 kobolds (D:1)
  5 quokkas
  8 ball pythons
  5 frilled lizards
  6 rats
61 creatures vanquished.

Notes
Turn   | Place    | Note
-------+----------+-------------------------------------------
     0 | D:1      | Shayle the Ogre Warper began the quest for the Orb.
     0 | D:1      | Reached XP level 1. HP: 22/22 MP: 3/3
   119 | D:1      | Reached skill level 3 in Fighting
   278 | D:1      | Reached XP level 2. HP: 31/31 MP: 5/5
   965 | D:2      | Reached XP level 3. HP: 39/39 MP: 6/6
  1188 | D:2      | Reached skill level 4 in Fighting
  1522 | D:2      | Found a faded altar of an unknown god.
  1696 | D:3      | Reached XP level 4. HP: 49/49 MP: 7/7
  1732 | D:3      | Noticed a necrophage
  1771 | D:3      | Killed a necrophage
  1772 | D:3      | Reached skill level 5 in Fighting
  1772 | D:3      | Reached XP level 5. HP: 33/57 MP: 8/8
  2033 | D:3      | Noticed Grinder
  2149 | D:4      | Learned a level 2 spell: Blink
  2153 | D:4      | Learned a level 3 spell: Teleport Other
  2157 | D:4      | Learned a level 3 spell: Gell's Gravitas
  2329 | D:4      | Noticed an ogre
  2360 | D:4      | Killed an ogre
  2361 | D:4      | Reached skill level 6 in Fighting
  2361 | D:4      | Reached XP level 6. HP: 53/67 MP: 9/9
  2645 | D:4      | Reached skill level 5 in Axes
  2820 | D:5      | Entered Level 5 of the Dungeon
  2892 | D:5      | Reached skill level 7 in Fighting
  2892 | D:5      | Reached XP level 7. HP: 69/78 MP: 10/10
  2942 | D:5      | Found a snail-covered altar of Cheibriados.
  3031 | D:5      | Gained mutation: You tend to lose your temper in combat.
                  | [potion of mutation]
  3031 | D:5      | Gained mutation: Your flesh is heat resistant. (rF+)
                  | [potion of mutation]
  3031 | D:5      | Gained mutation: You passively dampen the noise of your
                  | surroundings. [potion of mutation]
  3053 | D:5      | HP: 2/78 [gnoll (4)]
  3053 | D:5      | Mangled by a gnoll

Illustrated notes

Levels and vault maps discovered:
D:1:      dpeg_arrival_houses_and_road, layout_rooms
D:2:      layout_basic, basic_ecumenical_altar, roderic_lattice_a
D:3:      layout_loops_cross, kennysheep_decorative_pillar, uniq_grinder
D:4:      layout_layer_cave, minmay_temple_entry_from_below_b,
          kennysheep_crisscross
D:5:      layout_basic, mainiacjoe_overflow_divided_tiny, cheibriados_altar_1,
          serial_shops, shop_statue, ebering_ghost_sewer_f, nrook_mini_vaults

Skill      XL: |  1  2  3  4  5  6 |
---------------+-------------------+-----
Fighting       | 3 4 5 6 7 |  7.0
Axes           | 3 4 5 |  5.3
Throwing       | |  1.0
Dodging        | |  2.1
Spellcasting   | |  2.4
Translocations | |  2.6

Action                   |  1- 3 |  4- 6 |  7- 9 || total
-------------------------+-------+-------+-------++-------
Melee: Hand axe          |   132 |   143 |    22 ||   297
Throw: Boomerang         |       |       |     3 ||     3
 Cast: Blink             |       |       |     2 ||     2
  Use: Scroll            |       |     1 |     1 ||     2
       Potion            |       |       |     5 ||     5
Armor: Robe              |    56 |    49 |    11 ||   116
Dodge: Dodged            |    68 |    78 |    17 ||   163

Table legend: (Time is in decaauts)
 A = Elapsed time spent in this place.
 B = Non-inter-level travel time spent in this place.
 C = Inter-level travel time spent in this place.
 D = Time resting spent in this place.
 E = Time spent auto-exploring this place.
 F = Levels seen in this place.
 G = Mean time per level.
                   A        B        C        D        E       F      G
               +--------+--------+--------+--------+--------+-----+--------+
         Total |   3091 |   2991 |    100 |    115 |   1987 |   5 |  618.2 |
       Dungeon |   3091 |   2991 |    100 |    115 |   1987 |   5 |  618.2 |
               +--------+--------+--------+--------+--------+-----+--------+

Top non-repeatable levels by time:
     D:2: 841 daAuts
     D:1: 802 daAuts
     D:4: 782 daAuts
     D:3: 426 daAuts
     D:5: 239 daAuts
